 Dungeon Crawl Stone Soup version 0.29-a0-234-g0dae59b3db (webtiles) character file.

Game seed: 1753967164640923097

85 Hubjo the Sneak (level 4, -25/32 HPs)
             Began as a Vampire Enchanter on Mar 2, 2022.
             Killed by an exploding adder (37 damage)
             ... ignited by their inner flame
             ... on level 3 of the Dungeon.
             The game lasted 00:04:25 (1689 turns).

Hubjo the Sneak (Vampire Enchanter)                 Turns: 1689, Time: 00:04:27

Health: -25/32     AC:  2    Str:  7    XL:     4   Next: 25%
Magic:  15/16      EV: 13    Int: 17    God:
Gold:   65         SH:  0    Dex: 16    Spells: 1/7 levels left

rFire   . . .      SeeInvis +   a - +1 dagger
rCold   . . .      Faith    .   (no shield)
rNeg    . . .      Spirit   .   b - +0 robe
rPois   .          Reflect  .   (no helmet)
rElec   .          Harm     .   (no cloak)
rCorr   .          Rampage  .   (no gloves)
Will    .....                   (no boots)
Stlth   +++.......              (no amulet)
HPRegen 0.30/turn               f - ring of magical power
MPRegen 0.15/turn               (no ring)

@: lethally poisoned (-25 -> -27), healing quickly
A: alive, fangs 3, see invisible, vampiric 2
a: Exsanguinate


You were on level 3 of the Dungeon.
You visited 1 branch of the dungeon, and saw 3 of its levels.

You collected 65 gold pieces.

Inventory:

Hand Weapons
 a - a +1 dagger (weapon)
Missiles
 j - 38 stones (quivered)
Armour
 b - a +0 robe (worn)
Magical Staves
 l - a staff of poison
Jewellery
 f - a ring of magical power (left hand)
Scrolls
 d - a scroll of magic mapping {unknown}
 h - a scroll of identify
 i - 2 scrolls of teleportation
 m - a scroll of blinking {unknown}
Potions
 c - 2 potions of invisibility
 e - a potion of flight {unknown}
 g - 2 potions of curing {unknown}
 k - 2 potions of haste


   Skills:
 * Level 1.6 Fighting
 + Level 1.9 Short Blades
 + Level 2.6 Dodging
 * Level 5.7 Stealth
 - Level 2.0 Spellcasting
 + Level 5.0 Hexes


You had one spell level left.
You knew the following spells:

 Your Spells              Type           Power      Damage    Failure   Level
a - Tukima's Dance        Hex            18%        N/A       8%          3
b - Inner Flame           Hex/Fire       10%        N/A       21%         3

Your spell library contained the following spells:

 Spells                   Type           Power      Damage    Failure   Level
 Foxfire                  Conj/Fire      4%         2x1d4     19%         1
 Sandblast                Erth           2%         2d4       19%         1
 Confusing Touch          Hex            18%        N/A       8%          3
 Ensorcelled Hibernation  Hex/Ice        20%        N/A       11%         2
 Dazzling Flash           Conj/Hex       20%        N/A       21%         3
 Passwall                 Tmut/Erth      0%         N/A       28%         2
 Conjure Flame            Conj/Fire      1%         6-21      50%         3
 Stone Arrow              Conj/Erth      2%         3d7       50%         3
 Flame Wave               Conj/Fire      1%         2d4       88%         4


Dungeon Overview and Level Annotations

Branches:
Dungeon (3/15)

Altars:
Wu Jian


Innate Abilities, Weirdness & Mutations

Your natural rate of healing is accelerated.
You have razor-sharp teeth.
You have supernaturally acute eyesight. (SInv)
You are afflicted with vampirism and can become a bat while bloodless.


Message History

Press: ? - help, Dir - move target, f - adder
Aim: an adder (asleep, chance to affect: 68%)
The adder hisses angrily.
The adder is filled with an inner flame.
Throw: 41 stones
Press: ? - help, Q - select action Shift-Dir - straight line, f/p - adder
Aim: an adder (inner flame, 40% to hit)
You throw a stone. The stone closely misses the adder.
Throw: 40 stones
Press: ? - help, Q - select action Shift-Dir - straight line, f/p - adder
Aim: an adder (inner flame, 40% to hit)
You throw a stone.
The stone hits the adder but does no damage.
Throw: 39 stones
Press: ? - help, Q - select action Shift-Dir - straight line, f/p - adder
Aim: an adder (inner flame, 40% to hit)
You throw a stone. The stone closely misses the adder.
The adder misses you. The adder bites you.
You are poisoned.
The adder poisons you!
You feel sick.
You barely miss the adder. Your bite misses the adder.
You feel sick. The adder closely misses you.
You closely miss the adder.
You feel sick. The adder bites you.
You are more poisoned.
The adder poisons you!
You barely miss the adder. Your bite misses the adder.
You feel sick. The adder closely misses you. x2
You barely miss the adder.
You feel sick. The adder bites you.
You miss the adder.
You feel sick. The adder misses you.
You barely miss the adder.
You feel sick. The adder misses you.
You hit the adder.
Flame seeps out of the adder.
The adder is moderately wounded.
You feel sick.
The adder is engulfed in blazing flames.
The adder explodes!
The fiery explosion engulfs you!!!
Ouch! That really hurt!
You die...

#.)#...# #
##<#...#
#.##.#...#
#........#
..####..#####.#
...............
###.###..####.#
#.#.......#
#.....§@§.#
#.#.###○### #
#. #§§# #. ##.#
# .(.. ###.##
.. ... #..#


There were no monsters in sight!

Vanquished Creatures
  Terence (D:2)
  2 adders
  3 dart slugs
  3 ball pythons (D:1)
  3 endoplasms (D:1)
  A giant cockroach (D:1)
  2 hobgoblins
  A jackal (D:1)
  6 kobolds
  A quokka (D:1)
  7 bats
  3 frilled lizards
  7 goblins (D:1)
  4 rats
44 creatures vanquished.

Vanquished Creatures (others)
  A plant (D:3)
1 creature vanquished.

Grand Total: 45 creatures vanquished

Notes
Turn   | Place    | Note
-------+----------+-------------------------------------------
     0 | D:1      | Hubjo the Vampire Enchanter began the quest for the Orb.
     0 | D:1      | Reached XP level 1. HP: 13/13 MP: 3/3
   123 | D:1      | Reached XP level 2. HP: 14/20 MP: 5/5
   444 | D:1      | Reached skill level 5 in Stealth
   483 | D:1      | Reached skill level 1 in Fighting
   524 | D:1      | Gained mutation: You are afflicted with vampirism and can
                  | become a bat while bloodless. [Vampire growth]
   524 | D:1      | Reached XP level 3. HP: 26/26 MP: 6/6
  1044 | D:2      | Noticed Terence
  1057 | D:2      | Found an ornate altar of the Wu Jian Council.
  1181 | D:2      | Killed Terence
  1226 | D:2      | Reached XP level 4. HP: 22/32 MP: 7/7
  1410 | D:2      | Learned a level 3 spell: Tukima's Dance
  1414 | D:2      | Learned a level 3 spell: Inner Flame
  1461 | D:2      | Reached skill level 5 in Hexes
  1689 | D:3      | Killed by an exploding adder... ignited by their inner
                  | flame

Illustrated notes

Levels and vault maps discovered:
D:1:      minmay_arrival_open_corners, layout_basic, minmay_heptomino_l4
D:2:      layout_rooms, basic_altar, uniq_terence
D:3:      layout_basic, serial_bayou_lake_a

Skill      XL: |  1  2  3  4 |
---------------+-------------+-----
Stealth        | 5 |  5.7
Fighting       | 1 |  1.6
Hexes          | 5 |  5.0
Short Blades   | |  1.9
Dodging        | |  2.6
Spellcasting   | |  2.0

Action                   |  1- 3 |  4- 6 || total
-------------------------+-------+-------++-------
Melee: Dagger            |   114 |    25 ||   139
       Bite              |     9 |     2 ||    11
Throw: Stone             |       |     4 ||     4
 Cast: Inner Flame       |       |     1 ||     1
  Use: Scroll            |     3 |       ||     3
       Potion            |     2 |       ||     2
 Stab: Sleeping          |     9 |     2 ||    11
Armor: Robe              |    25 |     1 ||    26
Dodge: Dodged            |    80 |    20 ||   100

Table legend: (Time is in decaauts)
 A = Elapsed time spent in this place.
 B = Non-inter-level travel time spent in this place.
 C = Inter-level travel time spent in this place.
 D = Time resting spent in this place.
 E = Time spent auto-exploring this place.
 F = Levels seen in this place.
 G = Mean time per level.
                   A        B        C        D        E       F      G
               +--------+--------+--------+--------+--------+-----+--------+
         Total |   1692 |   1635 |     57 |     62 |   1162 |   3 |  564.0 |
       Dungeon |   1692 |   1635 |     57 |     62 |   1162 |   3 |  564.0 |
               +--------+--------+--------+--------+--------+-----+--------+

Top non-repeatable levels by time:
     D:1: 1034 daAuts
     D:2: 626 daAuts
     D:3: 31 daAuts
